 Dungeon Crawl Stone Soup version 0.25-a0-292-gaa31f046c4 (webtiles) character file.

Game seed: 17103995815921235457, levelgen mode: deterministic

49931 mopl the Covert (level 14, -17/63 HPs)
             Began as a Felid Venom Mage on Dec 15, 2019.
             Was a High Priest of Dithmenos.
             Demolished by Agnes
             ... wielding a +6 antimagic lajatang
              (34 damage)
             ... on level 14 of the Dungeon.
             The game lasted 01:35:21 (30316 turns).

mopl the Covert (Felid Venom Mage)                 Turns: 30316, Time: 01:35:21

Health: -17/63     AC:  7    Str:  4    XL:     14   Next: 17%
Magic:  5/27       EV: 26    Int: 25    God:    Dithmenos [*****.]
Gold:   1237       SH:  0    Dex: 18    Spells: 1/30 levels left
                                        Lives:  0   Deaths: 2

rFire    + . .     SeeInvis +     - Unarmed
rCold    + + +     Gourm    .   (shield unavailable)
rNeg     + . .     Faith    .   (armour unavailable)
rPois    .         Spirit   .   (helmet unavailable)
rElec    .         Reflect  .   (cloak unavailable)
rCorr    .         Harm     .   (gloves unavailable)
MR       ++...                  (boots unavailable)
Stlth    +++++++++.             d - amulet of Vaorchaem {+Rage Int+5}
HPRegen  0.20/turn              D - ring of Xom's Capriciousness {*Corrode rF+ rC++ rN+}
MPRegen  0.20/turn              M - +4 ring of protection

@: very slightly contaminated, wreathed by umbra, studying Transmutations,
lightly drained, quick
A: very small, no armour, no weapons or thrown items, stealth, claws 1, fangs 3,
see invisible, carnivore, speed 1, shaggy fur 3, slow metabolism 1, sharp paws
a: Shadow Step, Shadow Form, Renounce Religion, Evoke Berserk Rage


You were on level 14 of the Dungeon.
You worshipped Dithmenos.
Dithmenos was extremely pleased with you.
You were not hungry.

You visited 3 branches of the dungeon, and saw 22 of its levels.
You also visited: Ossuary, Ice Cave and Volcano.

You collected 2374 gold pieces.
You spent 1137 gold pieces at shops.

Inventory:

Armour
 m - the +1 helmet of the Camelopard {rElec rC- SInv, unknown}
   (You found it on level 13 of the Dungeon)

   It makes you vulnerable to cold.
   It insulates you from electricity.
   It lets you see invisible.
Jewellery
 d - the amulet of Vaorchaem (around neck) {+Rage Int+5}
   (You acquired it on level 12 of the Dungeon)

   [amulet of rage]

   It affects your intelligence (+5).
   It lets you go berserk.
 o - the amulet "Toforomo" {Acrobat Int+2}
   (You acquired it on level 12 of the Dungeon)

   [amulet of the acrobat]

   It helps you evade while moving and waiting.
   It affects your intelligence (+2).
 p - an uncursed amulet of faith {!P}
 C - an uncursed ring of protection from magic
 D - the ring of Xom's Capriciousness (left paw) {*Corrode rF+ rC++ rN+}
   (You took it off a deep elf knight on level 13 of the Dungeon)

   [ring of positive energy]

   It protects you from fire.
   It greatly protects you from cold.
   It protects you from negative energy.
   It may corrode you when you take damage.
 F - an uncursed ring of protection from magic
 H - an uncursed ring of flight
 M - a +4 ring of protection (right paw)
 S - an uncursed ring of poison resistance
Wands
 j - a wand of iceblast (6)
 k - a wand of paralysis (7)
 v - a wand of enslavement (11)
 I - a wand of disintegration (6)
 J - a wand of digging (5)
 L - a wand of scattershot (4)
 N - a wand of flame (30)
 Q - a wand of polymorph (9)
Scrolls
 f - 5 scrolls of magic mapping
 g - 4 scrolls of blinking
 i - 4 scrolls of teleportation
 q - 4 scrolls of amnesia
 r - 3 scrolls of remove curse
 w - a scroll of vulnerability {unknown}
 y - 4 scrolls of fear
 E - a scroll of summoning
 G - a scroll of fog
 P - a scroll of identify
 R - a scroll of torment {unknown}
Potions
 a - 11 potions of curing
 c - 4 potions of cancellation
 e - 2 potions of lignification {!q}
 h - 4 potions of flight
 l - 2 potions of might
 s - 4 potions of magic
 u - 2 potions of haste
 x - a potion of ambrosia
 z - 3 potions of agility
 A - 2 potions of resistance
 B - a potion of brilliance
 K - a potion of heal wounds
Books
 t - a manual of Transmutations
Miscellaneous
 O - a phantom mirror
Comestibles
 b - 35 rations


   Skills:
 + Level 8.6(8.3) Fighting
 - Level 10.0(9.7) Dodging
 + Level 12.6(12.2) Stealth
 * Level 11.8(11.5) Unarmed Combat
 + Level 8.8(8.5) Spellcasting
 - Level 3.0(2.7) Conjurations
 - Level 6.0(5.7) Hexes
 - Level 2.0(1.7) Translocations
 + Level 12.0(11.6) Transmutations
 - Level 3.0(2.7) Fire Magic
 - Level 2.0(1.7) Air Magic
 * Level 5.5(5.2) Earth Magic
 - Level 10.0(9.6) Poison Magic
 + Level 7.6(7.3) Invocations
 + Level 6.9(6.6) Evocations


You had one spell level left.
You knew the following spells:

 Your Spells              Type           Power        Failure   Level  Hunger
a - Sting                 Tmut/Pois      ####         1%          1    None
b - Poisonous Vapours     Pois/Air       #####.       1%          2    None
c - Dazzling Flash        Conj/Hex       ####..       3%          3    None
d - Mephitic Cloud        Conj/Pois/Air  ####....     2%          3    None
e - Blink                 Tloc           N/A          4%          2    None
f - Petrify               Tmut/Erth      ######..     1%          4    ##.....
g - Ignite Poison         Fire/Tmut/Pois ######..     1%          3    None
k - Lee's Rapid Deconstr  Erth           #####.....   19%         5    ####...
o - Olgreb's Toxic Radia  Pois           ######..     1%          4    ##.....
p - Passwall              Tmut/Erth      ######..     1%          2    None

Your spell library contained the following spells:

 Spells                   Type           Power        Failure   Level  Hunger
 Foxfire                  Conj/Fire      ###.         1%          1    None
 Magic Dart               Conj           ###.         1%          1    None
 Sandblast                Erth           #####.       1%          1    None
 Summon Small Mammal      Summ           ##..         6%          1    None
 Slow                     Hex            #####...     1%          2    None
 Searing Ray              Conj           ###...       2%          2    None
 Inner Flame              Hex/Fire       ####....     3%          3    None
 Stone Arrow              Conj/Erth      ####..       3%          3    None
 Conjure Flame            Conj/Fire      ###.....     5%          3    None
 Summon Guardian Golem    Hex/Summ       ###.....     5%          3    None
 Shroud of Golubria       Chrm/Tloc      ###...       6%          2    None
 Leda's Liquefaction      Hex/Erth       #####.....   6%          4    ##.....
 Call Imp                 Summ           ##......     9%          2    None
 Gell's Gravitas          Tloc           ###.......   9%          3    None
 Lesser Beckoning         Tloc           ###.......   9%          3    None
 Teleport Other           Tloc           ###.....     9%          3    None
 Fulminant Prism          Conj/Hex       ####......   10%         4    ##.....
 Call Canine Familiar     Summ           ##......     17%         3    None
 Sticky Flame             Conj/Fire      ###.....     19%         4    ##.....
 Iskenderun's Mystic Bla  Conj/Tloc      ###.....     22%         4    ##.....
 Passage of Golubria      Tloc           N/A          26%         4    ##.....
 Statue Form              Tmut/Erth      ######...    26%         6    ######.
 Summon Lightning Spire   Summ/Air       ###.....     36%         4    ##.....
 Bolt of Magma            Conj/Fire/Erth ####......   36%         5    ####...
 Fireball                 Conj/Fire      ###.......   45%         5    ####...
 Summon Ice Beast         Ice/Summ       ##......     50%         4    ##.....
 Iron Shot                Conj/Erth      ####......   86%         6    ######.
 Haunt                    Necr/Summ      ##........   100%        7    #######
 Borgnjor's Revivificati  Necr           ##........   100%        8    #######
 Death's Door             Chrm/Necr      ##........   100%        8    #######
 Infestation              Necr           ##........   100%        8    #######
 Necromutation            Tmut/Necr      #####.....   100%        8    #######
 Shatter                  Erth           #####.....   100%        9    #######


Dungeon Overview and Level Annotations

Branches:
Dungeon (14/15)            Temple (0/1) D:6            Lair (6/6) D:8
 Shoals (0/4) Lair:2        Snake (0/4) Lair:3        Slime (0/5) Lair:6
    Orc (2/2) D:9             Elf (0/3) Orc:2        Vaults (0/5) D:13
Ossuary (visited)           IceCv (visited)         Volcano (visited)

Altars:
Ashenzari
Cheibriados
Dithmenos
Gozag
Kikubaaqudgha
Makhleb
Okawaru
Trog
Uskayaw
Vehumet
Wu Jian
Yredelemnul
The Shining One
Beogh
Jiyva

Shops:
D:6 [   D:10 (   D:11 :[?(%   Orc:2 !*%}

Annotations:
D:3 Grinder
D:14 Agnes
Lair:6 exclusion: oklob plant


Innate Abilities, Weirdness & Mutations

You cannot wear armour.
You are incapable of wielding weapons or throwing items.
Your paws allow you to move quietly. (Stealth)
You have sharp claws.
You have razor-sharp teeth.
You have supernaturally acute eyesight. (SInv)
You are carnivorous and can eat meat at any time.
You cover ground quickly.
Your thick and shaggy fur keeps you warm. (AC +3, rC+)
You have a slow metabolism.
Your sharp claws are effective at attacking unaware monsters.


Message History

Press: ? - help, v - describe, . - travel
Here: Agnes, wielding a +6 antimagic lajatang and wearing a +0 robe (umbra)
The floor.
Unknown command.
Casting: Petrify (safe; 1% risk of failure)
Confirm with . or Enter, or press ? or * to list all spells.
You begin to radiate toxic energy.
Agnes is poisoned.
The troll is poisoned.
Unknown command.
Casting: Olgreb's Toxic Radiance (safe; 1% risk of failure)
Confirm with . or Enter, or press ? or * to list all spells.
You blink.
Agnes looks even sicker.
Your toxic aura wanes.
A skeletal warrior comes into view. It is wielding a -3 long sword.
Unknown command.
Casting: Blink (safe; 4% risk of failure)
Confirm with . or Enter, or press ? or * to list all spells.
You blink.
Agnes hits you with a +6 antimagic lajatang!!
Ouch! That really hurt!
You die...

....).§†....#*,,+,,,,....,,*
##'##########****,,,,...,,,*
#.# ****#z..,,** #.#
#####..####** #.#
#..........,* # #.#
#...........# # #.#
#...z.......# # #.#
#...........# # #.#
#@..........# # #.#
#iT§........#***## #.#
#<..........#..,.' #.#
#§.........%..#### #.#
#.?.........#**#.. #.#
#...........####.# #.#
#..............§.. #.#
#...........#..§.. #.#
#...........##.5..


You could see Agnes, 2 skeletal warriors and a troll (petrified).

Vanquished Creatures
  Rupert (D:13)
  The ghost of Paeh the Severer, an adept DDWn of Makhleb (Orc:1)
  Nessos (Lair:5)
  Azrael (D:13)
  Erolcha (D:9)
  A rakshasa (D:12)
  7 hydras
  2 catoblepae
  A merfolk avatar (Lair:6)
  2 tengu warriors (D:13)
  3 centaur warriors
  4 two-headed ogres
  A death yak (Lair:3)
  An ogre mage (D:13)
  Sonja (Lair:3)
  Nergalle (Lair:3)
  A deep elf knight (D:13)
  4 skeletal warriors
  Pikel (D:5)
  2 lindwurms (Volcano)
  2 harpies (Lair:6)
  2 deep elf magi (D:13)
  5 ugly things
  3 orc knights
  3 orc sorcerers
  A cyclops (D:13)
  2 manticores
  2 black mambas
  Maurice (D:8)
  13 elephants
  3 ice statues (IceCv)
  Joseph (D:8)
  9 spiny frogs
  3 molten gargoyles (Volcano)
  7 rime drakes
  15 komodo dragons
  A kobold demonologist (D:13)
  2 trolls
  5 polar bears
  A hornet (shapeshifter) (D:11)
  6 hornets
  Prince Ribbit (D:5)
  12 hippogriffs
  5 slime creatures
  Sigmund (D:2)
  A shadow (D:14)
  4 wraiths
  13 spriggans
  4 fire elementals
  14 wyverns
  58 yaks
  2 hungry ghosts
  10 basilisks
  2 vampire mosquitoes (D:13)
  3 steam dragons
  Menkaure (D:5)
  4 wargs
  2 acid dragons (D:14)
  10 water moccasins
  6 porcupines
  5 hell hounds
  38 orc warriors
  11 ice beasts
  4 slaves (D:5)
  4 sky beasts
  A black bear (D:9)
  13 ogres
  2 phantoms
  2 necrophages
  3 boggarts (Lair:3)
  23 centaurs
  12 crocodiles
  7 big kobolds
  14 bullfrogs
  A gnoll sergeant (D:12)
  A wyvern zombie (D:11)
  3 earth elementals (Volcano)
  4 scorpions
  18 wights
  6 killer bees (D:7)
  5 howler monkeys
  5 crimson imps
  2 human zombies
  4 centaur zombies
  2 hounds
  4 jellies
  2 bullfrog skeletons
  5 centaur skeletons
  21 orc priests
  2 iguanas
  A human skeleton (D:8)
  24 orc wizards
  2 hell rats (Lair:3)
  6 worker ants
  A hound skeleton (D:4)
  9 mummies
  A worker ant zombie (D:7)
  Robin (D:3)
  7 adders
  12 gnolls
  8 river rats (Lair:3)
  4 shadow imps
  9 white imps (D:14)
  9 oozes
  An adder zombie (D:6)
  A worm (D:3)
  3 leopard geckos
  93 orcs
  6 giant cockroaches
  12 hobgoblins
  18 jackals
  27 kobolds
  5 quokkas
  5 bats
  9 frilled lizards
  A gnoll zombie (Ossuary)
  14 goblins
  A goblin zombie (Ossuary)
  2 kobold zombies (Ossuary)
  A leopard gecko skeleton (D:5)
  An orc zombie (Ossuary)
  A quokka skeleton (D:5)
  10 rats
  A fire vortex (Volcano)
807 creatures vanquished.

Vanquished Creatures (others)
  6 fungi
  6 plants
  A withered plant (Orc:1)
13 creatures vanquished.

Grand Total: 820 creatures vanquished

Notes
Turn   | Place    | Note
-------+----------+-------------------------------------------
     0 | D:1      | mopl the Felid Venom Mage began the quest for the Orb.
     0 | D:1      | Reached XP level 1. HP: 7/7 MP: 4/4
   125 | D:2      | Found an opulent altar of Gozag.
   125 | D:2      | Found an ancient bone altar of Kikubaaqudgha.
   130 | D:2      | Found an ornate altar of the Wu Jian Council.
   132 | D:2      | Found a faded altar of an unknown god.
   133 | D:2      | Found a faded altar of an unknown god.
   142 | D:2      | Became a worshipper of Dithmenos the Shadowed
   142 | D:2      | Reached * piety under Dithmenos
   256 | D:2      | Reached XP level 2. HP: 6/11 MP: 1/6
   266 | D:2      | Reached skill level 3 in Poison Magic
   319 | D:2      | Learned a level 2 spell: Poisonous Vapours
   323 | D:2      | Reached skill level 2 in Transmutations
   323 | D:2      | Reached XP level 3. HP: 10/14 MP: 1/7
   665 | D:2      | Reached skill level 1 in Unarmed Combat
   687 | D:2      | Noticed Sigmund
   693 | D:2      | Learned a level 3 spell: Mephitic Cloud
   797 | D:1      | Found a runed translucent door.
   827 | D:1      | Reached ** piety under Dithmenos
   957 | D:1      | Reached XP level 4. HP: 11/18 MP: 3/8
  1786 | D:3      | Noticed an ogre
  1825 | D:3      | Killed an ogre
  1825 | D:3      | Reached skill level 3 in Spellcasting
  1825 | D:3      | Reached skill level 1 in Air Magic
  1825 | D:3      | Reached XP level 5. HP: 19/21 MP: 4/10
  1834 | D:3      | Learned a level 4 spell: Olgreb's Toxic Radiance
  1925 | D:3      | Noticed Robin
  2102 | D:3      | Reached *** piety under Dithmenos
  2122 | D:3      | Killed Robin
  2122 | D:3      | Reached skill level 3 in Transmutations
  2226 | D:3      | Noticed Grinder
  2403 | D:3      | Found a faded altar of an unknown god.
  2826 | D:4      | Noticed a hippogriff
  3074 | D:4      | Killed a hippogriff
  3074 | D:4      | Reached skill level 3 in Stealth
  3074 | D:4      | Reached skill level 2 in Unarmed Combat
  3074 | D:4      | Reached skill level 4 in Poison Magic
  3074 | D:4      | Gained mutation: You are covered in thick fur. (AC +2)
                  | [Felid growth]
  3074 | D:4      | Reached XP level 6. HP: 24/24 MP: 1/12
  3141 | D:4      | Found a shattered altar of Ashenzari.
  3538 | D:4      | Found a snail-covered altar of Cheibriados.
  3723 | D:5      | Entered Level 5 of the Dungeon
  3842 | D:5      | Reached skill level 2 in Air Magic
  3842 | D:5      | Reached XP level 7. HP: 23/27 MP: 2/13
  3965 | D:5      | Reached skill level 4 in Transmutations
  4068 | D:5      | Learned a level 3 spell: Ignite Poison
  4313 | D:5      | Noticed Prince Ribbit
  4337 | D:5      | Killed Prince Ribbit
  4337 | D:5      | Reached skill level 4 in Stealth
  4337 | D:5      | Reached skill level 4 in Spellcasting
  4590 | D:1      | Reached **** piety under Dithmenos
  4593 | D:1      | Reached skill level 1 in Fighting
  4755 | D:5      | Noticed Menkaure
  4759 | D:5      | Killed Menkaure
  4759 | D:5      | Reached skill level 1 in Fire Magic
  4833 | D:5      | Reached skill level 5 in Poison Magic
  4865 | D:5      | Reached XP level 8. HP: 24/32 MP: 11/15
  4943 | D:5      | Reached skill level 3 in Unarmed Combat
  5328 | D:6      | Found a hide-covered altar of Uskayaw.
  5437 | D:6      | Found Haun's Armour Shoppe.
  5468 | D:6      | Found a staircase to the Ecumenical Temple.
  5535 | D:6      | Reached skill level 2 in Fighting
  5691 | D:6      | Reached skill level 5 in Stealth
  5691 | D:6      | Reached skill level 5 in Spellcasting
  6041 | D:7      | Reached skill level 2 in Fire Magic
  6041 | D:7      | Reached skill level 5 in Transmutations
  6230 | D:7      | Reached XP level 9. HP: 37/37 MP: 13/18
  6458 | D:7      | Reached skill level 6 in Poison Magic
  6823 | D:7      | Found an iron altar of Okawaru.
  6977 | D:7      | Reached skill level 3 in Fighting
  6977 | D:7      | Reached skill level 4 in Unarmed Combat
  7001 | D:7      | Found a radiant altar of Vehumet.
  7134 | D:8      | Found a staircase to the Lair.
  7312 | D:8      | Noticed Joseph
  7335 | D:8      | Killed Joseph
  7335 | D:8      | Reached skill level 6 in Stealth
  7335 | D:8      | Reached skill level 6 in Spellcasting
  7463 | D:8      | Found a sand-covered staircase.
  7470 | Ossuary  | Entered an ossuary
  8179 | Ossuary  | Reached ***** piety under Dithmenos
  8228 | D:8      | Noticed Maurice
  8275 | D:8      | Killed Maurice
  8463 | D:8      | Reached skill level 7 in Poison Magic
  8597 | D:8      | Reached skill level 7 in Stealth
  8597 | D:8      | Reached skill level 6 in Transmutations
  9111 | D:8      | Reached XP level 10. HP: 26/42 MP: 14/21
  9156 | D:8      | Reached skill level 4 in Fighting
  9266 | D:8      | Found a basalt altar of Yredelemnul.
  9372 | D:8      | Found a glowing golden altar of the Shining One.
  9684 | D:9      | Found a shadowy altar of Dithmenos.
  9706 | D:9      | Reached skill level 3 in Dodging
  9729 | D:9      | Reached skill level 5 in Unarmed Combat
  9862 | D:9      | Reached skill level 1 in Invocations
 10017 | D:9      | Noticed Erolcha
 10024 | D:9      | Killed Erolcha
 10372 | D:9      | Noticed a two-headed ogre
 10382 | D:9      | Killed a two-headed ogre
 10382 | D:9      | Reached skill level 7 in Spellcasting
 10382 | D:9      | Reached skill level 2 in Invocations
 10390 | D:9      | Reached skill level 4 in Dodging
 10598 | D:9      | Found a staircase to the Orcish Mines.
 10714 | D:5      | Noticed Pikel
 10718 | D:5      | Killed Pikel
 10718 | D:5      | Reached skill level 6 in Unarmed Combat
 10792 | D:2      | Killed Sigmund
 10792 | D:2      | Reached skill level 8 in Stealth
 10950 | D:10     | Entered Level 10 of the Dungeon
 10965 | D:10     | Reached skill level 8 in Poison Magic
 10970 | D:10     | Learned a level 3 spell: Dazzling Flash
 11151 | D:10     | Reached ****** piety under Dithmenos
 11202 | D:10     | Found Cevunut's Antique Weapon Shop.
 11374 | D:10     | Reached XP level 11. HP: 45/46 MP: 5/22
 11801 | D:11     | Reached skill level 5 in Fighting
 12101 | D:11     | Found Cifupnux's Antique Weapon Boutique.
 12121 | D:11     | Found Jamiabb's Food Shoppe.
 12125 | D:11     | Reached skill level 7 in Transmutations
 12190 | D:11     | Reached skill level 5 in Dodging
 12401 | D:11     | Found a burning altar of Makhleb.
 12404 | D:11     | Found Solul's Book Emporium.
 12463 | D:11     | Reached skill level 3 in Invocations
 12513 | D:11     | Noticed a two-headed ogre
 12518 | D:11     | Killed a two-headed ogre
 12691 | D:11     | Found Gatil's Magic Scroll Shop.
 12694 | D:11     | Bought a scroll of teleportation for 54 gold pieces
 12694 | D:11     | Bought a scroll of blinking for 135 gold pieces
 12694 | D:11     | Bought a scroll of magic mapping for 63 gold pieces
 12694 | D:11     | Bought a scroll of identify for 36 gold pieces
 12694 | D:11     | Bought a scroll of identify for 36 gold pieces
 12694 | D:11     | Bought a scroll of identify for 36 gold pieces
 12694 | D:11     | Bought a scroll of identify for 36 gold pieces
 12694 | D:11     | Bought a scroll of teleportation for 54 gold pieces
 12694 | D:11     | Bought a scroll of immolation for 63 gold pieces
 12703 | D:11     | Found Avarphebb's Armour Boutique.
 12812 | D:11     | Noticed a brown ugly thing
 12815 | D:11     | Reached skill level 7 in Unarmed Combat
 12818 | D:11     | Killed a brown ugly thing
 13039 | Orc:1    | Entered Level 1 of the Orcish Mines
 13039 | Orc:1    | Noticed an orc sorcerer
 13043 | Orc:1    | Killed an orc sorcerer
 13043 | Orc:1    | Reached skill level 9 in Stealth
 13309 | Orc:1    | Noticed an orc knight
 13505 | Orc:1    | Killed an orc knight
 13505 | Orc:1    | Reached skill level 6 in Dodging
 13505 | Orc:1    | Reached skill level 9 in Poison Magic
 13616 | Orc:1    | Reached skill level 4 in Invocations
 13811 | Orc:2    | Entered Level 2 of the Orcish Mines
 13811 | Orc:2    | Found a staircase to the Elven Halls.
 13811 | Orc:2    | Noticed an orc sorcerer
 13814 | Orc:2    | Killed an orc sorcerer
 14109 | Orc:2    | Noticed an orc sorcerer
 14114 | Orc:2    | Killed an orc sorcerer
 14114 | Orc:2    | Reached skill level 1 in Hexes
 14252 | Orc:1    | Noticed an orc knight
 14258 | Orc:1    | Gained mutation: Your thick and shaggy fur keeps you warm.
                  | (AC +3, rC+) [Felid growth]
 14258 | Orc:1    | Reached XP level 12. HP: 52/52 MP: 4/23
 14568 | Orc:1    | Reached skill level 8 in Unarmed Combat
 14618 | Orc:1    | Reached skill level 6 in Fighting
 14748 | Orc:1    | Found a runed translucent door.
 14748 | Orc:1    | Noticed Paeh's ghost (adept DDWn)
 14839 | Orc:1    | Killed Paeh's ghost
 14839 | Orc:1    | Reached skill level 1 in Conjurations
 14839 | Orc:1    | Reached skill level 2 in Hexes
 14867 | Orc:1    | Learned a level 2 spell: Blink
 15045 | Orc:1    | Reached skill level 8 in Transmutations
 15079 | Orc:1    | Found a bloodstained altar of Trog.
 15263 | Orc:2    | Reached skill level 1 in Evocations
 15446 | Orc:2    | Reached skill level 1 in Translocations
 16192 | Orc:2    | Found a roughly hewn altar of Beogh.
 16392 | Orc:2    | Reached skill level 3 in Hexes
 16489 | Orc:2    | Found Jem Pant's Food Emporium.
 16489 | Orc:2    | Found Jaallise's Assorted Antiques.
 16515 | Orc:2    | Found Gyjiabeo's Distillery.
 16517 | Orc:2    | Found Deum's Gadget Shoppe.
 16522 | Orc:2    | Bought a scroll labeled HAXAASHUYSAE for 29 gold pieces
 16713 | Orc:2    | Reached skill level 3 in Fire Magic
 16968 | D:11     | Bought a book of Geomancy for 595 gold pieces
 16973 | D:11     | Learned a level 4 spell: Petrify
 16976 | D:11     | Learned a level 2 spell: Passwall
 17066 | Lair:1   | Entered Level 1 of the Lair of Beasts
 17072 | Lair:1   | Reached skill level 2 in Translocations
 17072 | Lair:1   | Reached skill level 7 in Dodging
 17128 | Lair:1   | Reached skill level 2 in Evocations
 17241 | Lair:1   | Reached skill level 2 in Conjurations
 17249 | Lair:1   | HP: 1/53 [spiny frog (18)]
 17545 | Lair:1   | Reached skill level 5 in Invocations
 17580 | Lair:1   | Reached skill level 10 in Stealth
 17580 | Lair:1   | Reached skill level 1 in Earth Magic
 17689 | Lair:1   | Reached skill level 9 in Unarmed Combat
 17820 | Lair:2   | Found a dark tunnel.
 17841 | Lair:2   | Noticed a catoblepas
 17851 | Lair:2   | Killed a catoblepas
 17851 | Lair:2   | Reached skill level 10 in Poison Magic
 17877 | Volcano  | Entered a volcano
 18103 | Volcano  | Reached skill level 4 in Hexes
 18103 | Volcano  | Reached XP level 13. HP: 48/57 MP: 16/24
 18801 | Lair:2   | Reached skill level 3 in Evocations
 19390 | Lair:2   | Found a staircase to the Shoals.
 19481 | Lair:2   | Reached skill level 9 in Transmutations
 19481 | Lair:2   | Reached skill level 2 in Earth Magic
 19658 | Lair:3   | Noticed Sonja
 19662 | Lair:3   | Killed Sonja
 19673 | Lair:3   | Reached skill level 7 in Fighting
 19756 | Lair:3   | Reached skill level 5 in Hexes
 19944 | Lair:3   | Noticed Nergalle
 19946 | Lair:3   | Killed Nergalle
 19946 | Lair:3   | Reached skill level 8 in Dodging
 19990 | Lair:3   | Found a staircase to the Snake Pit.
 20418 | Lair:3   | Reached skill level 4 in Evocations
 20896 | Lair:3   | Reached skill level 10 in Unarmed Combat
 20974 | Lair:4   | Reached skill level 11 in Stealth
 20975 | Lair:4   | Reached skill level 6 in Invocations
 21021 | Lair:4   | Reached skill level 6 in Hexes
 21021 | Lair:4   | Reached skill level 3 in Earth Magic
 21029 | Lair:4   | Reached XP level 14. HP: 57/61 MP: 1/26
 21033 | Lair:4   | Reached skill level 3 in Conjurations
 21058 | Lair:4   | Reached skill level 10 in Transmutations
 21061 | Lair:4   | Killed from afar by a manticore
 21062 | Lair:4   | Reached XP level 13. HP: -8/57 MP: 2/25
 21638 | Lair:4   | Reached skill level 8 in Spellcasting
 21645 | Lair:4   | Reached skill level 9 in Dodging
 21703 | Lair:4   | Reached skill level 5 in Evocations
 22568 | Lair:5   | Noticed Nessos
 22633 | Lair:5   | Killed Nessos
 23189 | Lair:6   | Entered Level 6 of the Lair of Beasts
 23275 | Lair:6   | Found a shattered altar of Ashenzari.
 23291 | Lair:6   | Reached skill level 4 in Earth Magic
 23538 | Lair:6   | Found a viscous altar of Jiyva.
 23538 | Lair:6   | Found a staircase to the Slime Pits.
 23666 | Lair:6   | Reached skill level 8 in Fighting
 23678 | Lair:6   | Reached skill level 11 in Unarmed Combat
 23801 | Lair:6   | Noticed a dire elephant
 23957 | Lair:6   | Reached XP level 14. HP: 63/63 MP: 11/27
 23970 | Lair:6   | Reached skill level 11 in Transmutations
 24350 | Lair:6   | Reached skill level 7 in Invocations
 24754 | Lair:4   | Reached skill level 12 in Stealth
 25178 | D:12     | You fall into a shaft and drop 1 floor!
 25179 | D:13     | Noticed Azrael
 25940 | D:12     | Reached skill level 6 in Evocations
 26048 | D:12     | Identified 2 scrolls of acquirement
 26061 | D:12     | Got a wavering bone amulet
 26063 | D:12     | Identified the amulet of Vaorchaem {+Rage Int+5} (You
                  | acquired it on level 12 of the Dungeon)
 26065 | D:12     | Got a faintly glowing zirconium amulet
 26067 | D:12     | Identified the amulet "Toforomo" {Acrobat Int+2} (You
                  | acquired it on level 12 of the Dungeon)
 26425 | D:13     | Killed Azrael
 26938 | D:12     | Collided with a rock wall
 26939 | D:12     | Reached XP level 13. HP: -6/58 MP: 21/26
 27507 | D:13     | Reached skill level 10 in Dodging
 27557 | D:13     | Identified the ring of Xom's Capriciousness {*Corrode rF+
                  | rC++ rN+}
 27594 | D:13     | Got an ancient helmet
 27831 | D:13     | Learned a level 5 spell: Lee's Rapid Deconstruction
 27852 | D:13     | Identified the +4 ring mail of Zapli {rN+++ Int+5 Dex-5}
 27852 | D:13     | Noticed Rupert
 28066 | D:13     | Reached skill level 5 in Earth Magic
 28218 | D:13     | Found a gate to the Vaults.
 28411 | D:13     | Killed Rupert
 28651 | D:14     | Reached XP level 14. HP: 63/63 MP: 18/27
 28776 | D:14     | Found a frozen archway.
 28790 | IceCv    | Entered an ice cave
 29618 | D:14     | Noticed Agnes
 29826 | D:14     | Reached skill level 12 in Transmutations
 30316 | D:14     | Demolished by Agnes

Levels and vault maps discovered:
D:1:      dpeg_arrival_caged_fury, layout_loops_ring
D:2:      layout_rooms, chequers_temple_overflow_minitemple, serial_aquarium,
          aquarium_bridge_island_small [aquarium_subvault_small_open,
          aquarium_subvault_wall, aquarium_subvault_wall,
          aquarium_subvault_bridge, aquarium_subvault_wall],
          aquarium_window_corridor_2, aquarium_window_1, aquarium_window_1,
          aquarium_window_fake, aquarium_view_2a, aquarium_pool_1, uniq_sigmund
D:3:      layout_loops_ring, chequers_ecumenical_altar_lobes, uniq_grinder,
          uniq_robin
D:4:      layout_basic, kennysheep_mini, ashenzari_altar_1
D:5:      layout_basic, first_ration, uniq_menkaure, uniq_prince_ribbit1,
          uniq_pikel
D:6:      layout_rooms, minmay_temple_entry_drinking_statues, serial_shops,
          shop_fountains, basic_altar
D:7:      layout_loops_cross, lemuel_coloured_pillars_altar,
          okawaru_altar_gauntlet_db
D:8:      layout_loops_corners, kennysheep_little_box,
          lemuel_mausoleum_altar_yredelemnul, dpeg_oklobed_lair,
          gup_ossuary_entry_pyramid, hangedman_little_slice_of_home,
          serial_bayou_pond_d, uniq_joseph, uniq_maurice
D:9:      layout_small_grid, lemuel_crystal_altar, hiddenorc1_lemuel,
          uniq_erolcha
D:10:     kennysheep_steamy, layout_rooms, serial_shops, shop
D:11:     layout_roguey, serial_shops, shop, shop, shop, shop,
          nicolae_shop_crystal, interstate_on_off, bloody_makhleb
D:12:     layout_grid_maze, minmay_the_grid_square_5x5_3x3_mashed
          [minmay_the_grid_square_5x5_broken_cross,
          minmay_the_grid_square_5x5_checkered,
          minmay_the_grid_square_5x5_spiral_small, minmay_the_grid_square_5x5_n,
          minmay_the_grid_square_5x5_megaprize_hollow,
          minmay_the_grid_square_5x5_spiral, minmay_the_grid_square_5x5_inner_z,
          minmay_the_grid_square_5x5_bridge, minmay_the_grid_square_5x5_dogpile]
D:13:     layout_rooms, hangedman_vaults_entry_quadrant_bands, glass_columns_a,
          uniq_azrael, uniq_rupert
D:14:     layout_roguey, portal_ice_cave_entry_imps, uniq_agnes
Lair:1:   layout_misc_corridors
Lair:2:   layout_roguey, shoals_dummy_entry, nicolae_volcano_entry_two_sided,
          cheibrodos_lair_caveside_slide, grunt_forest_large_clearing_hut
Lair:3:   kb_forest_paths, layout_chaotic_city, kennysheep_rathole,
          uniq_nergalle, uniq_sonja
Lair:4:   layout_roguey [special_room_mythical_zoo], beast_lair_carwin_3
Lair:5:   layout_misc_corridors, serial_bayou_shore_a, uniq_nessos
Lair:6:   gammafunk_lair_ancient_temple, layout_hall_layers, slime_altar_1,
          basic_altar, minmay_lair_oklob_bushes
Orc:1:    layout_caves, gammafunk_ghost_grave, trog_book
Orc:2:    st_orc_rangers, layout_diamond_mine, basic_altar

Skill      XL: |  1  2  3  4  5  6  7  8  9 10 11 12 13 14 |
---------------+-------------------------------------------+-----
Poison Magic   | 3 4 5 7 8 9 10 | 10.0
Transmutations | 2 3 4 5 6 7 8 9 12 | 12.0
Unarmed Combat | 1 2 3 4 6 7 9 11 | 11.8
Spellcasting   | 3 4 5 6 7 8 |  8.8
Air Magic      | 1 2 |  2.0
Stealth        | 3 4 5 7 8 9 10 11 12 | 12.6
Fighting       | 1 2 3 4 5 6 8 |  8.6
Fire Magic     | 1 2 3 |  3.0
Dodging        | 4 6 7 10 | 10.0
Invocations    | 2 4 5 6 7 |  7.6
Hexes          | 1 4 6 |  6.0
Conjurations   | 2 3 |  3.0
Evocations     | 2 5 6 |  6.9
Translocations | 2 |  2.0
Earth Magic    | 1 5 |  5.5

Action                   |  1- 3 |  4- 6 |  7- 9 | 10-12 | 13-15 || total
-------------------------+-------+-------+-------+-------+-------++-------
Melee: Unarmed           |    24 |   103 |   268 |   255 |   733 ||  1383
       Bite              |     1 |     1 |    24 |    22 |    78 ||   126
       Punch             |       |     2 |     2 |     5 |    31 ||    40
 Cast: Sting             |    40 |    55 |    12 |    19 |    14 ||   140
       Poisonous Vapours |       |    12 |    41 |    29 |     2 ||    84
       Olgreb's Toxic Ra |       |     4 |    13 |    74 |    76 ||   167
       Mephitic Cloud    |       |     1 |    19 |    17 |     6 ||    43
       Ignite Poison     |       |       |    19 |    80 |    54 ||   153
       Petrify           |       |       |       |     5 |    93 ||    98
       Blink             |       |       |       |     1 |    15 ||    16
       Passwall          |       |       |       |     1 |     8 ||     9
       Lee's Rapid Decon |       |       |       |       |    19 ||    19
       Dazzling Flash    |       |       |       |       |     8 ||     8
Invok: Shadow Step       |       |       |     1 |     1 |     4 ||     6
       Shadow Form       |       |       |       |     2 |     5 ||     7
 Abil: End Transformatio |       |       |       |     1 |     1 ||     2
       Evoke Berserk Rag |       |       |       |       |     6 ||     6
Evoke: Wand              |       |       |       |    23 |     5 ||    28
  Use: Scroll            |       |       |     5 |     9 |    16 ||    30
       Potion            |       |       |       |     6 |     2 ||     8
 Stab: Sleeping          |     4 |     8 |    23 |    34 |    49 ||   118
       Distracted        |       |       |     1 |       |     5 ||     6
       Invisible         |       |       |       |    11 |    24 ||    35
       Petrified         |       |       |       |     8 |    78 ||    86
       Petrifying        |       |       |       |       |    11 ||    11
       Paralysed         |       |       |       |       |     1 ||     1
  Eat: Chunk             |     8 |     7 |    14 |    28 |    50 ||   107
Armor: Skin              |     3 |     4 |     7 |     9 |    61 ||    84
Dodge: Dodged            |    34 |   117 |   209 |   265 |   833 ||  1458

Table legend:
 A = Non-vault XP
 B = Vault XP
 C = Vault XP percentage of total XP
 D = Non-vault monster count
 E = Vault monster count
 F = Vault count percentage of total count
                 A         B        C        D         E       F
            +---------+---------+-------+---------+---------+-------
      Total |   68731 |   60254 |  46.7 |     511 |     291 |  36.3
            +---------+---------+-------+---------+---------+-------
        D:1 |      31 |      46 |  59.7 |      18 |      15 |  45.5
        D:2 |      81 |     233 |  74.2 |      19 |       2 |   9.5
        D:3 |     182 |      37 |  16.9 |      22 |      12 |  35.3
        D:4 |     325 |       0 |   0.0 |       9 |       0 |   0.0
        D:5 |     552 |    1097 |  66.5 |      23 |       3 |  11.5
        D:6 |     465 |       0 |   0.0 |       9 |       0 |   0.0
        D:7 |    1246 |      11 |   0.9 |      26 |       6 |  18.8
        D:8 |     466 |    1876 |  80.1 |      10 |      23 |  69.7
        D:9 |    1805 |    1248 |  40.9 |      17 |      18 |  51.4
       D:10 |    1405 |     353 |  20.1 |      26 |       2 |   7.1
       D:11 |    4922 |       0 |   0.0 |      30 |       0 |   0.0
       D:12 |    3487 |    2756 |  44.1 |      26 |      13 |  33.3
       D:13 |    9161 |   10524 |  53.5 |      46 |      24 |  34.3
       D:14 |    3659 |      92 |   2.5 |      21 |       9 |  30.0
     Lair:1 |    6296 |       0 |   0.0 |      25 |       0 |   0.0
     Lair:2 |    3832 |    2209 |  36.6 |      11 |       3 |  21.4
     Lair:3 |    6094 |    7453 |  55.0 |      26 |      33 |  55.9
     Lair:4 |   11539 |    9322 |  44.7 |      40 |      33 |  45.2
     Lair:5 |    3008 |    1390 |  31.6 |       9 |       1 |  10.0
     Lair:6 |    3303 |    8711 |  72.5 |      11 |      24 |  68.6
      Orc:1 |    4625 |    2104 |  31.3 |      59 |       1 |   1.7
      Orc:2 |    2247 |    4491 |  66.7 |      28 |      38 |  57.6
    Ossuary |       0 |     191 | 100.0 |       0 |      11 | 100.0
      IceCv |       0 |    3288 | 100.0 |       0 |      11 | 100.0
    Volcano |       0 |    2822 | 100.0 |       0 |       9 | 100.0
            +---------+---------+-------+---------+---------+-------
